 Dungeon Crawl Stone Soup version 0.26-a0-651-gb41185065b (webtiles) character file.

Game seed: 336385293842156134

100 tof the Chopper (level 4, -1/41 HPs)
             Began as a Hill Orc Monk on Oct 5, 2020.
             Slain by Purgy (5 damage)
             ... in a sewer.
             The game lasted 00:04:58 (2329 turns).

tof the Chopper (Hill Orc Monk)                     Turns: 2329, Time: 00:04:59

Health: -1/41      AC:  5    Str: 14    XL:     4   Next: 73%
Magic:  4/4        EV: 12    Int: 12    God:
Gold:   123        SH:  0    Dex: 13    Spells: 3/3 levels left

rFire    . . .     SeeInvis .   a - +0 hand axe
rCold    + . .     Faith    .   (no shield)
rNeg     . . .     Spirit   .   j - +0 leather armour (curse)
rPois    .         Reflect  .   (no helmet)
rElec    .         Harm     .   (no cloak)
rCorr    .         Rampage  .   (no gloves)
MR       .....                  (no boots)
Stlth    ++........             g - amulet of the acrobat
HPRegen  0.13/turn              h - ring of protection from cold
MPRegen  0.09/turn              (no ring)

@: flying
A: hooves 1, slimy green scales 1, blink, clever 1
a: Blink


You were in a sewer.
You visited 1 branch of the dungeon, and saw 4 of its levels.
You also visited: Sewer.

You collected 123 gold pieces.

Inventory:

Hand Weapons
 a - a +0 hand axe (weapon)
Armour
 j - a cursed +0 leather armour (worn)
Jewellery
 g - an amulet of the acrobat (around neck)
 h - a ring of protection from cold (left hand)
Scrolls
 b - a scroll of noise {unknown}
 d - 2 scrolls of magic mapping {unknown}
 e - a scroll of fear {unknown}
 f - 5 scrolls of identify {unknown}
 i - a scroll of immolation {unknown}
 l - a scroll of random uselessness {unknown}
 n - a scroll of enchant armour {unknown}
Potions
 k - a potion of mutation
 m - 3 potions of might {unknown}
 o - a potion of berserk rage {unknown}
 p - a potion of cancellation {unknown}


   Skills:
 + Level 4.7 Fighting
 + Level 5.2 Axes
 + Level 2.5 Armour
 - Level 2.4 Dodging
 - Level 1.5 Stealth


You had 3 spell levels left.
You didn't know any spells.
Your spell library contained the following spells:

 Spells                   Type           Power        Failure   Level
 Summon Small Mammal      Summ           #...         38%         1
 Call Imp                 Summ           #.......     52%         2
 Call Canine Familiar     Summ           #.......     77%         3
 Confusing Touch          Hex            #.......     77%         3
 Gell's Gravitas          Tloc           #.........   77%         3
 Summon Guardian Golem    Hex/Summ       #.......     77%         3
 Petrify                  Tmut/Erth      #.......     99%         4
 Summon Ice Beast         Ice/Summ       #.......     99%         4
 Summon Lightning Spire   Summ/Air       #.......     99%         4
 Metabolic Englaciation   Hex/Ice        #.........   100%        5
 Yara's Violent Unravell  Hex/Tmut       #.........   100%        5


Dungeon Overview and Level Annotations

Branches:
Dungeon (4/15)             Temple (0/1) D:4           Sewer (1/1)

Altars:

Shops:
D:4 =

Annotations:
Sewer Purgy


Innate Abilities, Weirdness & Mutations

You have large cloven feet.
You are partially covered in slimy green scales. (AC +2)
You can translocate small distances at will.
Your mind is acute. (Int +2)


Message History

* * * LOW HITPOINT WARNING * * *
Purgy claws you.
* * * LOW HITPOINT WARNING * * *
Purgy barely misses you.
You hit Purgy.
Purgy is severely wounded.
Purgy bites you.
* * * LOW HITPOINT WARNING * * *
Purgy barely misses you. Purgy claws you but does no damage.
Okay, then.
It was a potion of flight.
You feel very buoyant.
You fly up into the air.
Purgy bites you.
* * * LOW HITPOINT WARNING * * *
Purgy closely misses you. Purgy claws you but does no damage.
It was a potion of mutation.
You feel extremely strange.
Slimy green scales grow over part of your body.
You feel jittery.
You feel clever.
Your feet thicken and deform.
Purgy bites you.
You die...

+.≈≈≈.+
#.≈≈≈.#
#.≈≈≈.#
+.≈≈≈.+
#.≈≈≈.#
#.≈≈≈.####
+..∩....∩#
#.≈≈≈.####
#.≈≈≈@#
+.≈≈≈.T..#
#.≈≈≈.####
#.≈≈≈.#
+.≈≈≈.+
#.≈≈≈.#
#.≈≈≈.#
+.≈≈≈.+


You could see Purgy.

Vanquished Creatures
  2 adders (D:3)
  2 river rats (D:3)
  An ooze (D:1)
  An adder skeleton (D:4)
  A worm (D:3)
  2 dart slugs (D:1)
  2 leopard geckos
  2 orcs
  6 bats
  3 giant cockroaches
  3 hobgoblins
  3 jackals (D:3)
  A quokka (D:3)
  A ball python (D:1)
  2 frilled lizards (D:1)
  7 goblins
  6 kobolds (D:1)
  4 rats
49 creatures vanquished.

Notes
Turn   | Place    | Note
-------+----------+-------------------------------------------
     0 | D:1      | tof the Hill Orc Monk began the quest for the Orb.
     0 | D:1      | Reached XP level 1. HP: 19/19 MP: 1/1
   210 | D:1      | Reached skill level 1 in Armour
   210 | D:1      | Reached XP level 2. HP: 27/27 MP: 2/2
   911 | D:1      | Reached XP level 3. HP: 33/33 MP: 3/3
  1431 | D:2      | You fall into a shaft and drop 2 floors!
  1661 | D:4      | Found Cuales's Jewellery Shop.
  1689 | D:4      | Noticed a bullfrog
  1690 | D:4      | Found a staircase to the Ecumenical Temple.
  1894 | D:3      | Reached XP level 4. HP: 39/41 MP: 4/4
  1898 | D:3      | Reached skill level 5 in Axes
  2302 | D:3      | Found a glowing drain.
  2311 | Sewer    | Entered a sewer
  2317 | Sewer    | Noticed Purgy
  2329 | Sewer    | Gained mutation: You are partially covered in slimy green
                  | scales. (AC +2) [potion of mutation]
  2329 | Sewer    | Gained mutation: You can translocate small distances at
                  | will. [potion of mutation]
  2329 | Sewer    | Gained mutation: Your mind is acute. (Int +2) [potion of
                  | mutation]
  2329 | Sewer    | Gained mutation: You have large cloven feet. [potion of
                  | mutation]
  2329 | Sewer    | Slain by Purgy

Illustrated notes

Levels and vault maps discovered:
D:1:      nzn_arrival_crosshair, layout_loops_corners
D:2:      layout_loops_ring, nicolae_overflow_crystal_walls,
          okawaru_metal_pillars_1_2, st_stairs_8, uniq_robin
D:3:      layout_basic, marbit_many_paths, lemuel_doored_altar,
          cheibrodos_sewer_entry_sluice
D:4:      layout_rooms, minmay_temple_entry_overgrown, serial_shops,
          nicolae_shop_trees
Sewer:    kennysheep_door_sewer

Skill      XL: |  1  2  3  4 |
---------------+-------------+-----
Armour         | 1 2 |  2.5
Fighting       | 4 |  4.7
Axes           | 5 |  5.2
Dodging        | |  2.4
Stealth        | |  1.5

Action                   |  1- 3 |  4- 6 || total
-------------------------+-------+-------++-------
Melee: Hand axe          |   155 |    60 ||   215
  Use: Potion            |       |     2 ||     2
 Stab: Sleeping          |     1 |     1 ||     2
Armor: Robe              |    14 |       ||    14
       Leather armour    |    24 |    19 ||    43
Dodge: Dodged            |   127 |    68 ||   195

Table legend: (Time is in decaauts)
 A = Elapsed time spent in this place.
 B = Non-inter-level travel time spent in this place.
 C = Inter-level travel time spent in this place.
 D = Time resting spent in this place.
 E = Time spent auto-exploring this place.
 F = Levels seen in this place.
 G = Mean time per level.
                   A        B        C        D        E       F      G
               +--------+--------+--------+--------+--------+-----+--------+
         Total |   2344 |   2338 |      6 |    824 |    845 |   5 |  468.8 |
       Dungeon |   2326 |   2320 |      6 |    824 |    845 |   4 |  581.5 |
         Sewer |     18 |     18 |      0 |      0 |      0 |   1 |   18.0 |
               +--------+--------+--------+--------+--------+-----+--------+

Top non-repeatable levels by time:
     D:1: 1400 daAuts
     D:3: 617 daAuts
     D:4: 269 daAuts
     D:2: 39 daAuts
   Sewer: 18 daAuts
